 Dungeon Crawl Stone Soup version 0.32-a0-329-ge6c31236d6 (webtiles) character file.

Game seed: 4643271600391007996

198 retardedninja the Shield-Bearer (level 5, -3/47 HPs)
             Began as a Mountain Dwarf Fighter on Feb 16, 2024.
             Slain by Sigmund
             ... wielding a +2 scythe of freezing
              (7 damage)
             ... on level 3 of the Dungeon.
             The game lasted 00:02:53 (2592 turns).

retardedninja the Shield-Bearer (MDFi)              Turns: 2592, Time: 00:02:54

Health: -3/47      AC: 10    Str: 21    XL:     5   Next: 47%
Magic:  5/5        EV:  9    Int:  8    God:
Gold:   125        SH:  4    Dex:  9    Spells: 4/4 levels left

rFire   . . .        a - +0 war axe
rCold   . . .        c - +0 buckler
rNeg    . . .        b - +0 scale mail
rPois   .            (no helmet)
rElec   .            (no cloak)
rCorr   .            r - +2 pair of gloves
SInv    .            (no boots)
Will    .....        (no amulet) Stlth
                     (no ring)
HPRegen 0.27/turn    (no ring)
MPRegen 0.09/turn

%: no passive effects
@: no status effects
A: runic magic, artefact enchanting
a: no special abilities


You were on level 3 of the Dungeon.
You visited 1 branch of the dungeon, and saw 4 of its levels.

You collected 125 gold pieces.

Inventory:

Hand Weapons
 a - a +0 war axe (weapon)
Armour
 b - a +0 scale mail (worn)
 c - a +0 buckler (worn)
 r - a +2 pair of gloves (worn)
Jewellery
 m - a ring of protection from cold
Scrolls
 e - a scroll of revelation {unknown}
 h - a scroll of enchant weapon {unknown}
 k - a scroll of fear {unknown}
 l - a scroll of silence {unknown}
 n - 2 scrolls of identify {unknown}
 o - a scroll of immolation {unknown}
 p - a scroll of vulnerability {unknown}
Potions
 d - 2 potions of might
 f - a potion of cancellation {unknown}
 i - a potion of enlightenment {unknown}
 j - a potion of mutation {unknown}
 q - a potion of haste {unknown}


   Skills:
 + Level 4.4 Fighting
 + Level 4.1 Axes
 + Level 4.4 Armour
 + Level 4.4 Shields


You had 4 spell levels left.
You didn't know any spells.
Your spell library contained the following spells:

 Spells                   Type           Power      Damage    Failure   Level
 Fugue of the Fallen      Necr           0%         N/A       90%         3
 Ozocubu's Armour         Ice            0%         N/A       90%         3
 Manifold Assault         Tloc           0%         N/A       100%        4
 Summon Blazeheart Golem  Fire/Summ      0%         N/A       100%        4
 Orb of Destruction       Conj           0%         9d5       100%        7
 Spellforged Servitor     Conj/Summ      0%         N/A       100%        7


Dungeon Overview and Level Annotations

Branches:
Dungeon (4/15)
 Temple: D:4-7

Altars:
Wu Jian

Annotations:
D:3 Sigmund


Innate Abilities, Weirdness & Mutations

Your spellcasting is much less encumbered by armour.
You can use scrolls of enchantment on lesser artefacts.


Message History

* * * LOW HITPOINT WARNING * * *
You bump into the rock wall.
You bump into the rock wall.
Something hits you but does no damage.
You hear some strange, mumbled words.
Something tries to affect you, but you resist.
You bump into the rock wall.
You bump into the rock wall.
Something hits you.
* * * LOW HITPOINT WARNING * * *
Something freezes you.
* * * LOW HITPOINT WARNING * * *
You bump into the rock wall.
You bump into the rock wall.
Something hits you.
* * * LOW HITPOINT WARNING * * *
Something freezes you.
* * * LOW HITPOINT WARNING * * *
Unknown command.
It was a potion of curing.
You feel better.
You hear some strange, mumbled words.
You are confused.
You bump into the rock wall.
You hear some strange, mumbled words.
A puff of flame appears from out of thin air!
The puff of flame hits you but does no damage.
You're too confused to move!
Something hits you but does no damage.
You bump into the rock wall.
You bump into the rock wall.
Something hits you. Something freezes you.
* * * LOW HITPOINT WARNING * * *
You bump into the rock wall.
Something hits you!
* * * LOW HITPOINT WARNING * * *
Something freezes you.
* * * LOW HITPOINT WARNING * * *
You bump into the rock wall.
You feel less confused. Something hits you but does no damage.
You closely miss something.
You hear some strange, mumbled words.
A puff of flame appears from out of thin air!
The puff of flame hits you but does no damage.
You closely miss something. Something hits you!
You die...

# #.....# #.#####.....##
###.............
#.....###......#
...#######.###.###......#
...........# #......(##.#
.#.#####.#.###.###...##.#
#{#.....# #..###.#
#@###.#####..###.# #.#
#...##.......# #.#
#.#.##...###.#
#.###.#.##........
#.#.......)......# #
#............#####
#.##...##.##.###
#.........##.#
#.##...#####.#


There were no monsters in sight!

Vanquished Creatures
  Terence (D:2)
  An orc wizard (D:3)
  3 adders (D:2)
  3 ribbon worms
  7 dart slugs
  3 orcs (D:3)
  3 endoplasms (D:2)
  5 giant cockroaches
  7 goblins
  7 hobgoblins
  A quokka (D:2)
  4 ball pythons
  2 bats
  2 frilled lizards
  2 kobolds
  5 rats
56 creatures vanquished.

Notes
Turn   | Place    | Note
-------+----------+-------------------------------------------
     0 | D:1      | retardedninja the Mountain Dwarf Fighter began the quest
                  | for the Orb.
     0 | D:1      | Reached XP level 1. HP: 19/19 MP: 1/1
   224 | D:1      | Reached XP level 2. HP: 16/26 MP: 2/2
   577 | D:1      | Reached XP level 3. HP: 31/31 MP: 3/3
  1477 | D:2      | Reached XP level 4. HP: 40/40 MP: 4/4
  1718 | D:2      | Noticed Terence
  1742 | D:2      | Killed Terence
  1866 | D:2      | You fall into a shaft and drop 2 floors!
  2041 | D:2      | Found an ornate altar of the Wu Jian Council.
  2210 | D:2      | Reached XP level 5. HP: 46/46 MP: 5/5
  2555 | D:3      | Noticed Sigmund
  2592 | D:3      | Slain by Sigmund

Illustrated notes

Levels and vault maps discovered:
D:1:      heliophobic_arrival_battle_scene, layout_basic, chequers_big_river,
          amethyst_killhole
D:2:      layout_loops_corners, basic_altar, kennysheep_generic_room_14,
          uniq_terence
D:3:      layout_loops_ring, uniq_pargi, uniq_sigmund, uniq_natasha
D:4:      layout_basic, kennysheep_generic_room_2, uniq_robin

Skill      XL: |  1  2  3  4  5 |
---------------+----------------+-----
Axes           | 3 4 |  4.1
Armour         | 4 |  4.4
Shields        | 4 |  4.4
Fighting       | 4 |  4.4

Action                     |  1- 3 |  4- 6 || total
---------------------------+-------+-------++-------
  Melee: War axe           |    89 |    96 ||   185
    Use: Potion            |       |     1 ||     1
 Armour: Scale mail        |    71 |    93 ||   164
  Dodge: Dodged            |    48 |    38 ||    86
  Block: Buckler           |    19 |    23 ||    42

Table legend: (Time is in decaauts)
 A = Elapsed time spent in this place.
 B = Non-inter-level travel time spent in this place.
 C = Inter-level travel time spent in this place.
 D = Time resting spent in this place.
 E = Time spent auto-exploring this place.
 F = Levels seen in this place.
 G = Mean time per level.
                   A        B        C        D        E       F      G
               +--------+--------+--------+--------+--------+-----+--------+
         Total |   2675 |   2574 |    101 |     71 |   1960 |   4 |  668.8 |
       Dungeon |   2675 |   2574 |    101 |     71 |   1960 |   4 |  668.8 |
               +--------+--------+--------+--------+--------+-----+--------+

Top non-repeatable levels by time:
     D:2: 1144 daAuts
     D:1: 1120 daAuts
     D:3: 393 daAuts
     D:4: 16 daAuts
